 Dungeon Crawl Stone Soup version 0.28-b1-1-g3c77fb2 (webtiles) character file.

Game seed: 16853487929639875991

1650 BALLS the Slasher (level 9, -5/47 HPs)
             Began as a Vine Stalker Fighter on Jan 27, 2022.
             Was a Believer of Okawaru.
             Succumbed to a gnoll's poison
             ... on level 6 of the Dungeon.
             The game lasted 00:13:13 (5946 turns).

BALLS the Slasher (Vine Stalker Fighter)            Turns: 5946, Time: 00:13:14

Health: -5/47      AC:  8    Str: 23    XL:     9   Next: 0%
Magic:  1/13       EV: 12    Int:  8    God:    Okawaru [**....]
Gold:   237        SH:  6    Dex: 14    Spells: 8/8 levels left

rFire   . . .      SeeInvis .   a - +0 long sword
rCold   . . .      Faith    .   c - +0 buckler
rNeg    . . .      Spirit   +   b - +0 scale mail
rPois   .          Reflect  .   (no helmet)
rElec   .          Harm     .   (no cloak)
rCorr   .          Rampage  .   (no gloves)
Will    +....                   (no boots)
Stlth   ++........              h - amulet of the acrobat
HPRegen 0.95/turn               (no ring)
MPRegen 0.13/turn               (no ring)

@: mighty, brilliant, lethally poisoned (-5 -> -26), heroic, studying Stealth
A: fangs 3, regeneration 1, magic shield, antimagic bite, no potion heal 2
a: Renounce Religion, Heroism


You were on level 6 of the Dungeon.
You worshipped Okawaru.
Okawaru was pleased with you.
You visited 2 branches of the dungeon, and saw 7 of its levels.

You collected 237 gold pieces.

Inventory:

Hand Weapons
 a - a +0 long sword (weapon)
Missiles
 t - 2 throwing nets (quivered)
Armour
 b - a +0 scale mail (worn)
 c - a +0 buckler (worn)
 o - a +0 tower shield
Jewellery
 h - an amulet of the acrobat (around neck)
Wands
 l - a wand of iceblast (8)
 w - a wand of digging (5)
Scrolls
 e - 2 scrolls of vulnerability
 f - a scroll of blinking
 g - a scroll of enchant weapon
 i - 3 scrolls of teleportation
 k - a scroll of fog
 s - a scroll of enchant armour {unknown}
 u - a scroll of noise {unknown}
Potions
 j - a potion of haste {unknown}
 m - 2 potions of magic
 n - 2 potions of heal wounds {unknown}
 p - a potion of cancellation {unknown}
 r - 2 potions of brilliance
 v - a potion of resistance {unknown}


   Skills:
 - Level 5.0(10.0) Fighting
 - Level 7.0(12.0) Long Blades
 + Level 4.2(9.2) Armour
 + Level 3.0(8.0) Shields
 - Level 5.0 Invocations


You had 8 spell levels left.
You didn't know any spells.
Your spell library contained the following spells:

 Spells                   Type           Power      Damage    Failure   Level
 Borgnjor's Vile Clutch   Necr/Erth      0%         N/A       100%        5
 Animate Dead             Necr           Unusable   N/A       N/A         4
 Death Channel            Necr           Unusable   N/A       N/A         6

Dungeon Overview and Level Annotations

Branches:
Dungeon (6/15)             Temple (1/1) D:5

Altars:
Ashenzari
Cheibriados
Dithmenos
Elyvilon
Fedhas
Gozag
Hepliaklqana
Kikubaaqudgha
Makhleb
Okawaru
Qazlal
Ru
Sif Muna
Trog
Vehumet
Wu Jian
Xom
Yredelemnul
Zin
The Shining One


Innate Abilities, Weirdness & Mutations

You have razor-sharp teeth.
Your natural rate of healing is unusually fast.
When hurt, damage is shared between your health and your magic reserves.
Your bite disrupts and absorbs the magic of your enemies.
Potions cannot restore your health.


Message History

The gnoll shaman utters an invocation to its god.
The gnoll shaman is healed somewhat.
You gain the combat prowess of a mighty hero.
You feel sick.
The gnoll hits you from afar with a +1 halberd of venom!
You are more poisoned.
The gnoll shaman hits you but does no damage.
You hit the gnoll shaman. Your bite misses the gnoll shaman.
The gnoll shaman is heavily wounded.
You feel very sick. You block the gnoll's attack.
You hit the gnoll shaman but do no damage.
The gnoll shaman is heavily wounded.
You feel very sick.
The gnoll hits you from afar with a +1 halberd of venom.
You block the gnoll shaman's attack.
The gnoll hits you from afar with a +1 halberd of venom.
* * * LOW HITPOINT WARNING * * *
You are lethally poisoned!
You feel very mighty all of a sudden.
* * * LOW HITPOINT WARNING * * *
You feel very sick.
The gnoll shaman hits you with a +0 club.
* * * LOW HITPOINT WARNING * * *
The gnoll hits you but does no damage.
You are more poisoned.
You slash the gnoll shaman!
You kill the gnoll shaman!
Okawaru accepts your kill.
* * * LOW HITPOINT WARNING * * *
You feel very sick.
The gnoll hits you from afar with a +1 halberd of venom.
You are more poisoned.
You have reached level 9!
Your experience leads to an increase in your attributes!
Increase (S)trength, (I)ntelligence, or (D)exterity?
You feel stronger. x2
It was a potion of brilliance.
You feel clever all of a sudden.
You die...

#....§§≈≈≈.≈...# #..≈.......≈...#
#..≈≈≈≈≈≈≈≈≈.... #...............
######### #...............
........# #.........##.##
........# #............##
........###########...)......####
.......o..5ggog)@................
..########'########.........#####
..# #......<...#... ..#
#..........#.## ..##
#..[.........## ...#
#.........##### .#.# ###########
# .#.## .#..#


You could see an orc wizard, 3 gnolls and an ufetubus.

Vanquished Creatures
  A troll (D:5)
  Sigmund (D:5)
  Edmund (D:5)
  An ice beast (D:5)
  A black bear (D:5)
  3 ogres
  A centaur (D:5)
  A scorpion (D:4)
  A bullfrog zombie (D:4)
  A hound (D:5)
  An orc priest (D:4)
  A gnoll shaman (D:6)
  An iguana (D:5)
  6 orc wizards
  A hound skeleton (D:4)
  2 howler monkey skeletons (D:6)
  6 adders
  11 gnolls
  An adder skeleton (D:5)
  3 worms
  A dart slug (D:1)
  16 orcs
  6 ball pythons
  7 endoplasms
  A giant cockroach (D:4)
  10 goblins
  8 hobgoblins
  4 jackals (D:3)
  4 kobolds
  3 quokkas (D:1)
  7 bats
  3 frilled lizards (D:2)
  A rat (D:2)
116 creatures vanquished.

Notes
Turn   | Place    | Note
-------+----------+-------------------------------------------
     0 | D:1      | BALLS the Vine Stalker Fighter began the quest for the Orb.
     0 | D:1      | Reached XP level 1. HP: 11/11 MP: 2/2
    15 | D:1      | Reached skill level 2 in Long Blades
   254 | D:1      | Reached XP level 2. HP: 16/16 MP: 3/3
  1033 | D:1      | Reached skill level 3 in Long Blades
  1048 | D:1      | Found a faded altar of an unknown god.
  1060 | D:1      | Reached XP level 3. HP: 18/19 MP: 4/4
  1798 | D:2      | Gained mutation: Your natural rate of healing is unusually
                  | fast. [Vine Stalker growth]
  1798 | D:2      | Reached XP level 4. HP: 20/23 MP: 5/5
  2459 | D:3      | Reached skill level 4 in Long Blades
  2740 | D:3      | You fall into a shaft and drop 1 floor!
  3040 | D:3      | Reached XP level 5. HP: 27/27 MP: 6/6
  3175 | D:4      | Found an ancient bone altar of Kikubaaqudgha.
  3225 | D:4      | Reached skill level 5 in Long Blades
  3329 | D:4      | Reached XP level 6. HP: 27/32 MP: 4/7
  3600 | D:4      | Reached skill level 6 in Long Blades
  3616 | D:4      | HP: 1/32 [gnoll (9)]
  3801 | D:4      | HP: 1/32 [ogre (23)]
  3835 | D:4      | Reached XP level 7. HP: 24/35 MP: 3/8
  4065 | D:4      | Reached skill level 7 in Long Blades
  4409 | D:5      | Entered Level 5 of the Dungeon
  4411 | D:5      | Noticed a troll
  4642 | D:5      | Found a staircase to the Ecumenical Temple.
  4651 | Temple   | Entered the Ecumenical Temple
  4695 | Temple   | Became a worshipper of Warmaster Okawaru
  4976 | D:5      | Killed a troll
  4976 | D:5      | Reached * piety under Okawaru
  4977 | D:5      | Reached skill level 5 in Fighting
  4977 | D:5      | Gained mutation: You have razor-sharp teeth. [Vine Stalker
                  | growth]
  4977 | D:5      | Reached XP level 8. HP: 28/43 MP: 5/10
  5138 | D:5      | Noticed Sigmund
  5147 | D:5      | Killed Sigmund
  5348 | D:5      | Noticed Edmund
  5360 | D:5      | Killed Edmund
  5361 | D:5      | Reached skill level 5 in Invocations
  5724 | D:6      | Found a bloodstained altar of Trog.
  5766 | D:6      | Reached ** piety under Okawaru
  5945 | D:6      | HP: 1/43 [poisoned by a gnoll]
  5946 | D:6      | Reached XP level 9. HP: 1/47 MP: 1/13
  5946 | D:6      | Succumbed to a gnoll's poison

Illustrated notes

Levels and vault maps discovered:
D:1:      sevenhm_arrival_forest_fort_large_4, layout_basic,
          basic_ecumenical_altar, lemuel_flame_loot_1
D:2:      layout_basic, minmay_pentomino_u2
D:3:      layout_loops_ring, grunt_ministairs_4
D:4:      layout_basic, nicolae_kikubaaqudgha_miasma_corner
D:5:      layout_gridville, minmay_temple_entry_overgrown,
          minmay_misc_feat_five, minmay_manual_monstrance, uniq_edmund,
          uniq_sigmund
D:6:      layout_basic, mainiacjoe_overflow_concentric_impassable,
          nicolae_ossuary_entry_catacombs
Temple:   dpeg_five_rooms_temple

Skill      XL: |  1  2  3  4  5  6  7  8 |
---------------+-------------------------+-----
Long Blades    | 2 3 4 5 6 7 |  7.0
Fighting       | 5 |  5.0
Invocations    | 2 5 |  5.0
Armour         | 4 |  4.2
Shields        | 3 |  3.0

Action                   |  1- 3 |  4- 6 |  7- 9 || total
-------------------------+-------+-------+-------++-------
Melee: Long sword        |    85 |   168 |   139 ||   392
       Bite              |    11 |    47 |    31 ||    89
Invok: Heroism           |       |       |     3 ||     3
  Use: Scroll            |       |     5 |     3 ||     8
       Potion            |       |     1 |     3 ||     4
Armor: Scale mail        |    32 |    42 |    38 ||   112
Dodge: Dodged            |    36 |    65 |    66 ||   167
Block: Buckler           |    14 |    22 |    30 ||    66
